 Seeded DCSS version 0.30-a0-939-gc8157cb160 (webtiles) character file.

Game seed: 3841577309390396182 (custom seed)

356 bmack86 the Trooper (level 6, -5/56 HPs)
             Began as a Minotaur Fighter on Mar 25, 2023.
             Slain by an ogre
             ... wielding a +0 giant spiked club
              (8 damage)
             ... on level 5 of the Dungeon.
             The game lasted 00:10:06 (3288 turns).

bmack86 the Trooper (Minotaur Fighter)              Turns: 3288, Time: 00:10:07

Health: -5/56      AC:  8    Str: 22    XL:     6   Next: 36%
Magic:  0/5        EV:  6    Int:  5    God:
Gold:   337        SH: 14    Dex: 10    Spells: 5/5 levels left

rFire   . . .      SeeInvis .    a - +0 war axe
rCold   . . .      Faith    .    y - +2 tower shield of the Endless Expanse {Will+ Regen+}
rNeg    . . .      Spirit   +    b - +0 scale mail
rPois   .          Reflect  .    (helmet restricted)
rElec   .          Rampage  .    u - +0 cloak
rCorr   .                        (no gloves)
Will    +....                    (no boots) Stlth
                                 g - amulet of guardian spirit
HPRegen 1.09/turn                (no ring)
MPRegen 0.09/turn                (no ring)

@: studying Fighting
A: horns 2, retaliatory headbutt
a: no special abilities


You were on level 5 of the Dungeon.
You visited 1 branch of the dungeon, and saw 5 of its levels.

You collected 337 gold pieces.

Inventory:

Hand Weapons
 a - a +0 war axe (weapon)
Missiles
 n - a throwing net
 r - 4 poisoned darts (quivered)
Armour
 b - a +0 scale mail (worn)
 u - a +0 cloak (worn)
 y - the +2 tower shield of the Endless Expanse (worn) {Will+ Regen+}
   (You took it off an orc on level 3 of the Dungeon)

   Regen:     It increases your rate of health regeneration.
   Will:      It increases your willpower.
Jewellery
 g - an amulet of guardian spirit (around neck)
Wands
 p - a wand of charming (7)
 t - a wand of polymorph (8)
Scrolls
 e - 2 scrolls of blinking {unknown}
 f - a scroll of noise {unknown}
 j - 2 scrolls of immolation {unknown}
 k - 5 scrolls of magic mapping {unknown}
 o - 2 scrolls of teleportation {unknown}
 q - a scroll of amnesia {unknown}
 z - a scroll of fear {unknown}
 A - 2 scrolls of poison {unknown}
 B - a scroll of enchant armour {unknown}
 D - a scroll of identify {unknown}
Potions
 c - 2 potions of attraction {unknown}
 d - a potion of might
 h - 2 potions of magic {unknown}
 i - 5 potions of curing {unknown}
 l - a potion of haste {unknown}
 m - 4 potions of mutation {unknown}
 s - a potion of flight {unknown}
 v - 2 potions of degeneration {unknown}
 w - 2 potions of invisibility {unknown}
 x - a potion of heal wounds {unknown}
 C - a potion of resistance {unknown}


   Skills:
 + Level 5.5 Fighting
 * Level 5.2 Axes
 + Level 2.1 Throwing
 + Level 4.8 Armour
 + Level 4.8 Shields


You had 5 spell levels left.
You didn't know any spells.
Your spell library contained the following spells:

 Spells                   Type           Power      Damage    Failure   Level
 Blink                    Tloc           0%         N/A       100%        2
 Frozen Ramparts          Ice            0%         1d1       100%        3
 Ignite Poison            Fire/Tmut/Pois 0%         N/A       100%        3
 Inner Flame              Hex/Fire       0%         N/A       100%        3
 Kindle Blastsparks       Fire/Tloc/Air  0%         2d10      100%        3
 Cause Fear               Hex            0%         N/A       100%        4
 Ice Form                 Ice/Tmut       0%         N/A       100%        4
 Manifold Assault         Tloc           0%         N/A       100%        4
 Summon Ice Beast         Ice/Summ       0%         N/A       100%        4
 Freezing Cloud           Conj/Ice/Air   0%         6-21      100%        5
 Storm Form               Tmut/Air       0%         N/A       100%        7
 Discord                  Hex            0%         N/A       100%        8


Dungeon Overview and Level Annotations

Branches:
Dungeon (5/15)
 Temple: D:4-7

Altars:

Shops:
D:3 ?   D:4 =[(


Innate Abilities, Weirdness & Mutations

You have a pair of horns on your head.
You reflexively headbutt those who attack you in melee.


Message History

Unknown command.
Found a stone staircase leading up.
You block the gnoll's attack.
The gnoll sergeant hits you with a +3 trident.
Items here: )) †††.
Unknown command.
You block the gnoll's attack. You block the gnoll sergeant's attack.
The ogre hits you but does no damage.
Unknown command.
You hit the gnoll sergeant but do no damage.
The gnoll sergeant is severely wounded.
You slash the ogre! You block the gnoll sergeant's attack.
You block the gnoll's attack. The ogre barely misses you.
The gnoll sergeant hits you with a +3 trident.
The gnoll hits you but does no damage.
Unknown command.
You barely miss the gnoll sergeant.
Your headbutt misses the gnoll sergeant.
The gnoll sergeant is severely wounded.
You hit the ogre but do no damage. You block the gnoll sergeant's attack.
You block the gnoll's attack.
The ogre hits you with a +0 giant spiked club!!
The gnoll sergeant hits you with a +3 trident.
You block the gnoll's attack.
You hit the gnoll sergeant.
The gnoll sergeant is almost dead.
You hit the ogre.
The ogre hits you with a +0 giant spiked club!
* * * LOW HITPOINT WARNING * * *
You block the gnoll's attack.
The gnoll sergeant hits you with a +3 trident!
* * * LOW HITPOINT WARNING * * *
You closely miss the gnoll sergeant.
Your headbutt misses the gnoll sergeant.
The gnoll sergeant is almost dead.
You barely miss the ogre. The gnoll sergeant barely misses you.
You furiously retaliate!
You headbutt the gnoll sergeant!
You kill the gnoll sergeant!
You block the gnoll's attack.
The ogre hits you with a +0 giant spiked club!
You die...

.... ... ..##
.># ###### #.#
#....#
###.#####.##.#
#.O.......##.##
#@).....†...#
#)########..#
#.g...<# #..#
##..#### #..#
...# #..# ##..#
# #..# .... ..
#..# #..# #.
#..# #..#####.
#..#


You could see an ogre and a gnoll.

Vanquished Creatures
  2 scorpions
  A gnoll sergeant (D:5)
  Crazy Yiuf (D:2)
  Natasha (D:2)
  2 gnolls (D:5)
  8 adders
  An ufetubus (D:5)
  A worm (D:4)
  A dart slug (D:3)
  2 orcs
  7 ball pythons
  6 endoplasms
  2 giant cockroaches
  9 goblins
  9 hobgoblins
  4 jackals (D:1)
  4 quokkas
  3 bats
  2 frilled lizards
  7 kobolds
  5 rats
78 creatures vanquished.

Notes
Turn   | Place    | Note
-------+----------+-------------------------------------------
     0 | D:1      | bmack86 the Minotaur Fighter began the quest for the Orb.
     0 | D:1      | Reached XP level 1. HP: 19/19 MP: 0/0
   125 | D:1      | Reached XP level 2. HP: 25/27 MP: 1/1
   637 | D:1      | Reached XP level 3. HP: 32/33 MP: 2/2
  1304 | D:2      | Noticed Natasha
  1308 | D:2      | Killed Natasha
  1309 | D:2      | Reached XP level 4. HP: 26/41 MP: 1/3
  1502 | D:2      | Found a runed translucent door.
  1503 | D:2      | Noticed Crazy Yiuf
  1510 | D:2      | Killed Crazy Yiuf
  1511 | D:2      | Reached skill level 1 in Throwing
  1727 | D:3      | Found Ruoj Bon's Magic Scroll Boutique.
  2051 | D:3      | Reached XP level 5. HP: 36/47 MP: 4/4
  2186 | D:3      | Identified the +2 tower shield of the Endless Expanse
                  | {Will+ Regen+}
  2665 | D:4      | Found Quoxoum's Weapon Shoppe.
  2666 | D:4      | Found Zirchise's Armour Emporium.
  2777 | D:4      | Found Okkemaoc's Jewellery Emporium.
  2795 | D:4      | Reached skill level 5 in Fighting
  3141 | D:5      | Entered Level 5 of the Dungeon
  3225 | D:5      | Reached skill level 5 in Axes
  3225 | D:5      | Reached XP level 6. HP: 20/56 MP: 2/5
  3287 | D:5      | HP: 1/56 [gnoll sergeant/+3 trident (10)]
  3288 | D:5      | Slain by an ogre

Illustrated notes

Levels and vault maps discovered:
D:1:      psy_arrival_basics, layout_loops_ring
D:2:      layout_loops_corners, minivault_4, uniq_crazy_yiuf_cottage,
          uniq_natasha
D:3:      layout_basic, serial_shops, nicolae_shop_crystal, item_on_display_a
D:4:      layout_rooms, serial_shops, nicolae_shop_crystal, shop,
          nicolae_shop_hallway_plus, st_stairs_13, grunt_decor_arrowhead
D:5:      corexii_shack_village, layout_basic, chequers_serial_rivers_micro_e,
          dreamdust_gnoll_farm, uniq_blork_the_orc

Skill      XL: |  1  2  3  4  5 |
---------------+----------------+-----
Axes           | 3 4 5 |  5.2
Armour         | 4 |  4.8
Fighting       | 4 5 |  5.5
Shields        | 4 |  4.8
Throwing       | 1 2 |  2.1

Action                     |  1- 3 |  4- 6 || total
---------------------------+-------+-------++-------
  Melee: War axe           |    73 |   112 ||   185
         Headbutt          |     8 |    14 ||    22
 Armour: Scale mail        |    37 |    57 ||    94
         Skin              |       |     3 ||     3
  Dodge: Dodged            |    34 |    43 ||    77
  Block: Buckler           |    14 |    11 ||    25
         Tower shield      |       |    75 ||    75

Table legend: (Time is in decaauts)
 A = Elapsed time spent in this place.
 B = Non-inter-level travel time spent in this place.
 C = Inter-level travel time spent in this place.
 D = Time resting spent in this place.
 E = Time spent auto-exploring this place.
 F = Levels seen in this place.
 G = Mean time per level.
                   A        B        C        D        E       F      G
               +--------+--------+--------+--------+--------+-----+--------+
         Total |   3372 |   3236 |    136 |     23 |   2298 |   5 |  674.4 |
       Dungeon |   3372 |   3236 |    136 |     23 |   2298 |   5 |  674.4 |
               +--------+--------+--------+--------+--------+-----+--------+

Top non-repeatable levels by time:
     D:2: 983 daAuts
     D:3: 983 daAuts
     D:1: 744 daAuts
     D:4: 498 daAuts
     D:5: 162 daAuts
